 Dungeon Crawl Stone Soup version 0.30-a0-912-ge10d75a369 (webtiles) character file.

Game seed: 9234376212672477240

368 M4edhros the Ducker (level 6, -2/44 HPs)
             Began as an Octopode Artificer on Mar 19, 2023.
             Splashed by a jelly's acid (10 damage)
             ... on level 4 of the Dungeon.
             The game lasted 00:02:34 (1254 turns).

M4edhros the Ducker (Octopode Artificer)            Turns: 1254, Time: 00:02:35

Health: -2/44      AC: -11   Str: 12    XL:     6   Next: 69%
Magic:  6/6        EV: 15    Int: 13    God:
Gold:   30         SH:  0    Dex: 14    Spells: 5/5 levels left

rFire   . . .      SeeInvis .    (no weapon)
rCold   . . .      Faith    .    (no shield)
rNeg    . . .      Spirit   .    (helmet restricted)
rPois   .          Reflect  .    p - amulet of the acrobat
rElec   .          Rampage  .    (no ring)
rCorr   .                        (no ring)
Will    .....                    (no ring)
Stlth   +++                      (no ring)
HPRegen 0.27/turn                (no ring)
MPRegen 0.10/turn                (no ring)
                                 (no ring)
                                 (no ring)

@: corroded
A: almost no armour, amphibious, 8 rings, camouflage 1, gelatinous body 1,
(nimble swimmer 1), tentacles
a: no special abilities


You were on level 4 of the Dungeon.
You visited 1 branch of the dungeon, and saw 4 of its levels.

You collected 30 gold pieces.

Inventory:

Missiles
 a - a throwing net
 l - 8 poisoned darts
Jewellery
 p - an amulet of the acrobat (around mantle)
Wands
 b - a wand of flame (1) (quivered)
 c - a wand of charming (10)
 d - a wand of iceblast (1)
Scrolls
 i - a scroll of enchant armour {unknown}
 j - a scroll of blinking {unknown}
 k - 3 scrolls of identify {unknown}
 o - a scroll of teleportation {unknown}
 q - a scroll of amnesia {unknown}
Potions
 e - 2 potions of curing {unknown}
 f - a potion of magic {unknown}
 g - a potion of brilliance {unknown}
 h - 2 potions of invisibility {unknown}
 m - a potion of heal wounds {unknown}
 n - a potion of lignification {unknown}


   Skills:
 + Level 4.6 Fighting
 + Level 5.2 Dodging
 - Level 1.3 Stealth
 - Level 3.2 Evocations


You had 5 spell levels left.
You didn't know any spells.
Your spell library contained the following spells:

 Spells                   Type           Power      Damage    Failure   Level
 Magic Dart               Conj           0%         1d3       30%         1
 Blink                    Tloc           0%         N/A       43%         2
 Call Imp                 Summ           0%         N/A       43%         2
 Lesser Beckoning         Tloc           0%         N/A       43%         2
 Momentum Strike          Conj/Tloc      0%         3d8       43%         2
 Mephitic Cloud           Conj/Pois/Air  0%         N/A       67%         3


Dungeon Overview and Level Annotations

Branches:
Dungeon (4/15)
 Temple: D:4-7

Altars:


Innate Abilities, Weirdness & Mutations

You cannot wear most types of armour.
You are amphibious.
You can wear up to eight rings at the same time.
Your skin changes colour to match your surroundings (Stealth+).
Your rubbery body absorbs attacks. (AC +1, EV +1)
((You are camouflaged when in or above water. (Stealth+)))
You have tentacles for arms and can constrict up to eight enemies at once.


Message History

The jelly barely misses you.
You tentacle-slap the jelly.
Your tentacles burn!
The jelly is lightly wounded.
The jelly barely misses you.
You tentacle-slap the jelly but do no damage.
Your tentacles burn!
The jelly is lightly wounded.
The jelly hits you.
You are splashed with acid!
You are too injured to fight recklessly!
Unknown command.
You are too injured to fight recklessly!
Aiming: Throw Flame
Press: ? - help, Shift-Dir - straight line, f - jelly
Aim: a jelly (lightly wounded, 100% to hit)
The puff of flame hits the jelly.
The jelly is moderately wounded.
The jelly jiggles.
The jelly hits you. The acid corrodes you!
You are splashed with acid.
* * * LOW HITPOINT WARNING * * *
Aiming: Charm
Press: ? - help, Shift-Dir - straight line, f/p - jelly
Aim: a jelly (moderately wounded, chance to affect: 66%)
The jelly struggles to resist.
The jelly barely misses you.
Unknown command.
Unknown command.
Aiming: Charm
Press: ? - help, Shift-Dir - straight line, f/p - jelly
Aim: a jelly (moderately wounded, chance to affect: 66%)
The jelly struggles to resist.
The jelly barely misses you.
Unknown command.
Unknown command.
Aiming: Throw Flame
Press: ? - help, Shift-Dir - straight line, f/p - jelly
Aim: a jelly (moderately wounded, 100% to hit)
The puff of flame hits the jelly!
The jelly is severely wounded.
The jelly hits you.
* * * LOW HITPOINT WARNING * * *
You are splashed with acid!
You die...

#....##.....# #......
#....##.....# #......
#...........#### #......
#....#####....##
#......###>......#.##.##
#................#......
#......####........##...
#......J........##...##.
#......@##.#.##.####....
###.###.#.[#.##.# ###.#
#...#.##.#..# #....
#.#... #.#.## #.###
.....## #.#.#####.# ...
#.. #.#.......## #....
#.# #...........# #...
#.# #...........# #...
#.#.............##


You could see a jelly.

Vanquished Creatures
  Grinder (D:4)
  2 hounds (D:4)
  An orc wizard (D:4)
  An adder (D:2)
  2 gnolls (D:4)
  3 dart slugs
  2 worms (D:4)
  4 orcs (D:4)
  6 endoplasms
  2 giant cockroaches
  A goblin (D:4)
  6 hobgoblins
  2 bats
  A frilled lizard (D:2)
  6 kobolds
  3 rats (D:1)
43 creatures vanquished.

Vanquished Creatures (collateral kills)
  A gnoll (D:4)
  A rat (D:2)
2 creatures vanquished.

Vanquished Creatures (others)
  A goblin (D:2)
1 creature vanquished.

Grand Total: 46 creatures vanquished

Notes
Turn   | Place    | Note
-------+----------+-------------------------------------------
     0 | D:1      | M4edhros the Octopode Artificer began the quest for the
                  | Orb.
     0 | D:1      | Reached XP level 1. HP: 13/13 MP: 1/1
    90 | D:1      | Reached XP level 2. HP: 5/18 MP: 2/2
   176 | D:2      | Reached skill level 3 in Dodging
   185 | D:2      | Reached XP level 3. HP: 24/24 MP: 3/3
   507 | D:4      | Noticed Grinder
   515 | D:4      | Killed Grinder
   516 | D:4      | Reached skill level 4 in Dodging
   516 | D:4      | Reached XP level 4. HP: 25/33 MP: 4/4
   516 | D:4      | Reached XP level 5. HP: 28/37 MP: 5/5
   516 | D:4      | Reached XP level 6. HP: 32/43 MP: 6/6
   752 | D:4      | Reached skill level 5 in Dodging
  1254 | D:4      | Splashed by a jelly's acid

Illustrated notes

Levels and vault maps discovered:
D:1:      heliophobic_arrival_henge, layout_rooms,
          hellmonk_ecumenical_altar_blasted
D:2:      layout_rooms, small_statue_intersection, kennysheep_generic_room_7
D:3:      layout_basic
D:4:      layout_basic, uniq_grinder

Skill      XL: |  1  2  3  4  5  6 |
---------------+-------------------+-----
Fighting       | 2 4 |  4.6
Dodging        | 3 4 5 |  5.2
Stealth        | |  1.3
Evocations     | |  3.2

Action                     |  1- 3 |  4- 6 || total
---------------------------+-------+-------++-------
  Melee: Unarmed           |    51 |    67 ||   118
         Constrict         |    14 |    16 ||    30
         Tentacles         |    14 |    14 ||    28
         Punch             |       |     1 ||     1
  Evoke: Wand              |    15 |     8 ||    23
   Stab: Sleeping          |     5 |     1 ||     6
         Distracted        |       |     1 ||     1
 Armour: Skin              |     6 |     4 ||    10
  Dodge: Dodged            |    43 |    33 ||    76

Table legend: (Time is in decaauts)
 A = Elapsed time spent in this place.
 B = Non-inter-level travel time spent in this place.
 C = Inter-level travel time spent in this place.
 D = Time resting spent in this place.
 E = Time spent auto-exploring this place.
 F = Levels seen in this place.
 G = Mean time per level.
                   A        B        C        D        E       F      G
               +--------+--------+--------+--------+--------+-----+--------+
         Total |   1253 |   1242 |     11 |      9 |    812 |   4 |  313.2 |
       Dungeon |   1253 |   1242 |     11 |      9 |    812 |   4 |  313.2 |
               +--------+--------+--------+--------+--------+-----+--------+

Top non-repeatable levels by time:
     D:4: 747 daAuts
     D:2: 208 daAuts
     D:1: 172 daAuts
     D:3: 124 daAuts
